Map: Arctic Gates

Players

Metasapien

  • Race: Zerg Zerg
  • League: Platinum
  • Spawn Location: 9:00

Kswiss

  • Race: Protoss Protoss
  • League: Silver
  • Spawn Location: 0:00

zaku

  • Race: Terran Terran
  • League: Gold
  • Spawn Location: 0:00

Apotheosis

  • Race: Zerg Zerg
  • League: Gold
  • Spawn Location: 3:00

VOD

Have the link to the VOD?

Description

Time

  • Played on: Sept. 23, 2017, 12:41 a.m.
  • Length: 10:54
Show
View Real Time Build Order
Export as new Build Order

Metasapien Zerg 

Build Orders: Pool First 

Get SALT Encoding   

  12  0:01  Drone  
  13  0:23  Spawning Pool  
  13  0:26  Drone  
  13  0:35  Overlord  
  13  0:40  Drone  
  14  0:53  Overlord  
  14  0:55  Drone  
  15  0:58  Extractor  
  15  0:59  Drone  
  15  1:20  Drone  
  15  1:21  Drone  
  17  1:37  Drone  
  17  1:38  Hatchery  
  17  1:42  Drone  
  18  1:53  Drone  
  19  2:04  Drone  
  20  2:16  Metabolic Boost  
  20  2:23  Hatchery  
  20  2:27  Queen  
  21  2:39  Zergling x6  
  24  2:51  Queen  
  24  2:53  Drone  
  27  3:01  Drone  
  27  3:05  Zergling x4  
  30  3:13  Drone  
  30  3:18  Drone  
  32  3:25  Drone  
  33  3:29  Zergling x2  
  34  3:34  Drone  
  34  3:36  Drone  
  36  3:43  Zergling x8  
  40  3:51  Queen  
  40  3:53  Overlord  
  40  3:55  Overlord  
  42  4:06  Overlord  
  38  4:25  Drone  
  38  4:26  Drone x2, Roach Warren  
  38  4:27  Drone x3, Extractor  
  38  4:28  Drone x2  
  38  4:29  Drone  
  45  4:32  Drone  
  45  4:39  Zergling x6  
  48  4:49  Zergling x4  
  48  4:50  Zergling x2  
  51  4:52  Spine Crawler  
  51  4:59  Zergling x8  
  49  5:00  Zergling x2  
  50  5:10  Spine Crawler  
  30  5:21  Zergling x6  
  30  5:22  Zergling x8  
  30  5:34  Drone  
  29  5:35  Drone  
  29  5:42  Drone x3  
  31  5:47  Drone x2  
  32  5:57  Drone  
  32  5:58  Drone  
  26  6:18  Queen  
  26  6:22  Drone x2  
  26  6:23  Drone x2  
  32  6:30  Spore Crawler  
  32  6:31  Drone  
  30  6:34  Drone  
  27  6:40  Drone  
  28  6:47  Drone  
  28  6:48  Drone x2  
  28  6:50  Drone  
  28  6:52  Drone  
  33  7:00  Drone  
  33  7:01  Drone x2  
  36  7:03  Drone  
  37  7:11  Drone  
  38  7:19  Zergling x8  
  38  7:20  Zergling x6  
  38  7:22  Zergling x2  
  37  7:32  Spine Crawler  
  37  7:36  Drone x2  
  38  7:43  Drone x2  
  40  7:49  Queen  
  42  7:52  Drone  
  42  7:54  Drone x2  
  42  7:55  Drone  
  46  8:02  Drone  
  46  8:03  Drone x2  
  46  8:04  Drone  
  50  8:13  Drone x2  
  50  8:14  Drone x2  
  50  8:16  Drone x2  
  56  8:21  Extractor  
  56  8:22  Extractor  
  56  8:25  Drone  
  56  8:26  Lair  
  55  8:31  Drone x3  
  55  8:33  Overlord  
  58  8:37  Overlord  
  58  8:43  Roach  
  58  8:44  Roach x2  
  58  8:46  Roach  
  66  8:48  Overlord  
  66  8:57  Drone  
  66  8:58  Drone x3  
  66  9:00  Overlord x2  
  70  9:03  Roach  
  70  9:04  Roach  
  70  9:09  Pneumatized Carapace  
  74  9:12  Roach x2  
  74  9:13  Roach  
  74  9:16  Drone x2  
  82  9:26  Drone x3  
  85  9:32  Drone x3, Extractor  
  85  9:33  Overlord, Extractor  
  85  9:34  Overlord x2  
  86  9:49  Roach x5  
  86  9:50  Roach  
  95  9:53  Overlord  
  72  10:03  Zergling x4, Roach x2  
  72  10:04  Roach x4  
  77  10:27  Spine Crawler  
  50  10:29  Spine Crawler  
  50  10:30  Spine Crawler x2  
  50  10:34  Roach  
  50  10:35  Roach x2  
Show
View Real Time Build Order
Export as new Build Order

Kswiss Protoss 

Build Orders: Oracle Opening 

Get SALT Encoding   

  12  0:04  Probe (Chrono Boost)  
  13  0:14  Probe (Chrono Boost)  
  14  0:22  Pylon  
  14  0:26  Probe (Chrono Boost)  
  15  0:40  Probe (Chrono Boost)  
  16  0:46  Gateway  
  16  0:51  Probe (Chrono Boost)  
  17  1:02  Probe (Chrono Boost), Forge  
  18  1:07  Assimilator  
  18  1:12  Probe (Chrono Boost)  
  18  1:17  Pylon  
  19  1:24  Probe (Chrono Boost)  
  20  1:35  Probe (Chrono Boost)  
  20  1:39  Cybernetics Core  
  21  1:48  Photon Cannon  
  21  1:53  Probe (Chrono Boost)  
  22  2:02  Photon Cannon  
  22  2:03  Probe (Chrono Boost)  
  23  2:08  Assimilator  
  22  2:30  Stargate  
  22  2:40  Stargate  
  22  2:42  Photon Cannon  
  22  2:52  Adept (Chrono Boost)  
  24  3:05  Pylon  
  24  3:13  Photon Cannon  
  24  3:36  Oracle (Chrono Boost)  
  27  3:55  Probe  
  28  3:59  Pylon  
  28  4:07  Probe  
  29  4:11  Pylon  
  28  4:23  Oracle (Chrono Boost)  
  31  4:31  Photon Cannon  
  31  4:50  Pylon  
  31  4:54  Void Ray (Chrono Boost)  
  35  5:12  Photon Cannon  
  33  5:16  Stargate  
  33  5:40  Void Ray (Chrono Boost)  
  34  6:06  Nexus  
  34  6:27  Void Ray (Chrono Boost)  
  34  6:31  Protoss Air Weapons Level 1 (Chrono Boost)  
  34  6:32  Void Ray (Chrono Boost)  
  42  6:57  Pylon  
  42  7:04  Pylon  
  50  7:15  Void Ray x2 (Chrono Boost)  
  50  7:19  Probe  
  51  7:24  Photon Cannon  
  51  7:27  Photon Cannon  
  51  7:29  Probe  
  52  7:40  Probe  
  53  7:50  Probe  
  53  7:57  Photon Cannon  
  54  8:01  Probe  
  54  8:02  Photon Cannon  
  55  8:06  Photon Cannon  
  55  8:09  Assimilator  
  55  8:12  Probe, Assimilator  
  56  8:22  Probe  
  56  8:26  Protoss Air Armor Level 1 (Chrono Boost)  
  57  8:33  Probe  
  58  8:43  Probe  
  58  8:46  Fleet Beacon  
  59  8:53  Pylon  
  59  8:54  Probe  
  57  9:04  Probe  
  46  9:26  Void Ray (Chrono Boost)  
  46  9:28  Void Ray (Chrono Boost)  
  52  10:49  Photon Cannon  
Show
View Real Time Build Order
Export as new Build Order

zaku Terran 

Build Orders: Liberator Opening, MMM Bio 

Get SALT Encoding   

  12  0:01  SCV  
  13  0:13  SCV  
  14  0:19  Supply Depot  
  14  0:25  SCV  
  15  0:31  Refinery  
  15  0:41  SCV  
  16  0:47  Barracks  
  16  0:53  SCV  
  17  1:01  Refinery  
  17  1:05  SCV  
  18  1:17  SCV, Supply Depot  
  19  1:29  SCV  
  20  1:41  Barracks Tech Lab  
  20  1:45  Orbital Command  
  20  1:52  Engineering Bay  
  20  1:59  Factory  
  20  2:03  Marine  
  21  2:11  SCV  
  22  2:23  SCV  
  23  2:32  Marine  
  23  2:35  SCV  
  25  2:37  Missile Turret  
  25  2:45  Factory Tech Lab  
  25  2:46  Starport  
  25  2:47  SCV  
  25  2:50  Marine  
  27  2:54  Supply Depot  
  27  2:59  SCV  
  28  3:08  Liberator, Marine  
  28  3:11  SCV  
  30  3:16  Siege Tank  
  30  3:17  Supply Depot  
  33  3:23  SCV  
  37  3:35  SCV  
  38  3:52  Stimpack  
  38  3:57  SCV  
  38  3:58  Command Center  
  39  4:08  Marine  
  39  4:09  Starport Reactor  
  40  4:26  Marine  
  41  4:39  SCV  
  41  4:41  Siege Tank  
  41  4:44  Marine  
  46  4:49  Barracks  
  46  4:51  SCV  
  47  4:54  Barracks  
  47  4:58  Supply Depot  
  47  5:09  Marine  
  47  5:10  SCV  
  49  5:15  Supply Depot  
  49  5:17  Supply Depot  
  49  5:33  Orbital Command  
  49  5:35  SCV, Marine  
  50  5:36  Siege Tank  
  50  5:37  Medivac  
  50  5:40  Barracks Reactor  
  56  5:44  Barracks Reactor  
  56  5:47  SCV  
  57  5:53  Marine  
  58  5:59  SCV  
  59  6:05  Refinery  
  59  6:08  Refinery  
  59  6:11  SCV, Marine  
  61  6:24  Missile Turret  
  61  6:27  Marine x2  
  61  6:28  Missile Turret, Marine x2  
  61  6:29  Siege Tank, Marauder, Medivac  
  61  6:30  SCV x2  
  74  6:35  Missile Turret  
  71  6:49  Marine x3  
  71  6:50  SCV  
  71  6:51  SCV  
  76  6:58  Marine x2  
  76  7:00  Missile Turret  
  78  7:03  SCV  
  78  7:07  Supply Depot, Marine  
  78  7:08  Supply Depot  
  80  7:09  Marine  
  80  7:12  Medivac  
  80  7:14  Barracks  
  83  7:32  Barracks, Marine x3  
  83  7:33  Marine  
  83  7:34  Siege Tank  
  83  7:35  SCV x2  
  83  7:36  Marine  
  93  7:38  Terran Infantry Weapons Level 1  
  93  7:47  SCV x2  
  93  7:50  Marine  
  96  7:59  SCV  
  96  8:00  SCV  
  96  8:01  Marine  
  96  8:04  Barracks Tech Lab  
  99  8:07  Marine x2  
  99  8:12  Command Center  
  101  8:13  Marine  
  102  8:26  Barracks Reactor  
  102  8:51  Supply Depot  
  102  8:52  Supply Depot  
  102  8:54  Supply Depot  
  102  9:12  Medivac x2, SCV, Marine x3  
  102  9:13  SCV, Marine x4  
  102  9:14  Marauder, Supply Depot  
  102  9:16  Siege Tank  
  120  9:18  Supply Depot  
  120  9:19  Combat Shields, Supply Depot  
  120  9:30  Marine x3  
  123  9:41  Supply Depot  
  123  9:49  Marine x3  
  123  9:50  Marauder, Marine  
  123  9:51  Siege Tank, Medivac x2  
  123  9:52  SCV  
  137  9:56  Orbital Command  
  137  9:57  SCV  
  138  10:04  SCV  
  139  10:09  SCV  
  140  10:21  Medivac  
  142  10:29  Marine  
  142  10:30  Marauder x2, Marine x3  
  150  10:39  SCV  
  150  10:40  SCV  
  159  10:44  Supply Depot  
  159  10:46  Supply Depot  
  159  10:47  Supply Depot  
Show
View Real Time Build Order
Export as new Build Order

Apotheosis Zerg 

Build Orders: Hatch First 

Get SALT Encoding   

  12  0:01  Drone  
  13  0:12  Overlord  
  13  0:17  Drone  
  14  0:30  Drone  
  14  0:31  Drone  
  14  0:34  Drone  
  17  0:56  Hatchery  
  17  0:57  Drone  
  17  1:00  Drone  
  17  1:02  Extractor  
  17  1:16  Spawning Pool  
  16  1:19  Drone  
  16  1:23  Drone  
  18  1:28  Drone  
  19  1:39  Overlord  
  19  1:50  Drone  
  20  2:04  Queen, Zergling x2  
  20  2:07  Queen  
  25  2:11  Metabolic Boost  
  25  2:15  Drone  
  26  2:17  Drone  
  26  2:22  Drone  
  28  2:32  Drone x2  
  30  2:40  Queen  
  32  2:47  Overlord  
  32  2:49  Drone  
  33  2:55  Drone  
  34  3:00  Drone x2  
  36  3:16  Hatchery  
  35  3:23  Roach Warren  
  35  3:25  Zergling x8  
  38  3:28  Zergling x2  
  38  3:30  Zergling x2  
  40  3:40  Zergling x6  
  40  3:41  Zergling x2  
  44  3:54  Overlord  
  44  3:56  Lair  
  44  3:59  Spore Crawler  
  43  4:02  Extractor  
  42  4:10  Zergling x4  
  42  4:11  Zergling x2  
  42  4:19  Zergling x2  
  42  4:20  Zergling x6  
  46  4:30  Drone x3  
  48  4:45  Drone x6  
  54  4:49  Drone  
  54  4:50  Drone x2  
  57  4:59  Drone  
  57  5:01  Overlord  
  57  5:06  Spore Crawler  
  53  5:24  Zergling x2  
  53  5:25  Zergling x4  
  53  5:26  Drone x5  
  54  5:41  Queen  
  55  5:43  Drone x6, Spore Crawler  
  58  6:07  Queen  
  58  6:10  Zergling x10  
  65  6:11  Overlord  
  65  6:12  Overlord  
  61  6:20  Zergling x2  
  61  6:21  Zergling x10  
  61  6:23  Spine Crawler  
  64  6:35  Extractor  
  64  6:39  Roach x4  
  79  6:40  Roach x4  
  79  6:44  Extractor  
  78  6:51  Extractor  
  77  6:57  Hydralisk Den, Drone x3  
  77  6:58  Drone x3  
  82  7:01  Overlord  
  82  7:04  Overlord  
  73  7:39  Muscular Augments, Hydralisk  
  73  7:40  Hydralisk x7  
  73  7:42  Extractor  
  88  7:47  Spore Crawler  
  87  8:00  Drone  
  87  8:01  Drone x2, Evolution Chamber  
  89  8:07  Overlord  
  89  8:08  Evolution Chamber  
  89  8:12  Drone x5  
  93  8:20  Overlord x2  
  93  8:21  Pneumatized Carapace  
  93  8:23  Hydralisk x2  
  97  8:27  Hydralisk x4  
  97  8:30  Overlord, Zerg Missile Weapons Level 1  
  105  8:34  Zerg Ground Armor Level 1  
  105  8:36  Ravager  
  105  8:40  Ravager x3  
  105  8:41  Ravager  
  110  8:46  Drone  
  110  8:56  Hatchery  
  109  9:16  Hydralisk  
  109  9:17  Hydralisk x2  
  109  9:18  Roach x3  
  121  9:28  Infestation Pit  
  120  9:42  Overlord  
  120  9:43  Overlord  
  120  9:55  Hydralisk x5  
  120  9:56  Roach  
  120  9:57  Roach  
  125  10:04  Overseer  
  125  10:18  Ravager  
  125  10:19  Ravager  
  123  10:27  Hydralisk x2  
  123  10:28  Hydralisk  
Tags
 
Add a new tag
Caveats
  • Supply blocks, unpowered buildings, or Contaminate may cause inaccurate times.
  • Supply counts are checked every 10 seconds.